 Seeded DCSS version 0.27-a0-668-gb5737ff2c0 (webtiles) character file.

Game seed: 314159265359 (custom seed)

3 Snicker the Sneak (level 1, 0/16 HPs)
             Began as a Demonspawn Brigand on Mar 18, 2021.
             Slain by a ball python (1 damage)
             ... on level 1 of the Dungeon.
             The game lasted 00:00:21 (276 turns).

Snicker the Sneak (Demonspawn Brigand)               Turns: 276, Time: 00:00:21

Health: 0/16       AC:  3    Str: 11    XL:     1   Next: 41%
Magic:  1/1        EV: 11    Int: 12    God:
Gold:   4          SH:  0    Dex: 14    Spells: 0/0 levels left

rFire    . . .     SeeInvis .   a - +2 dagger
rCold    . . .     Faith    .   (no shield)
rNeg     . . .     Spirit   .   b - +0 robe
rPois    .         Reflect  .   (no helmet)
rElec    .         Harm     .   c - +0 cloak
rCorr    .         Rampage  .   (no gloves)
Will     .....                  (no boots)
Stlth    ++........             (no amulet)
HPRegen  0.05/turn              (no ring)
MPRegen  0.07/turn              (no ring)

@: no status effects
A: no striking features
a: no special abilities


You were on level 1 of the Dungeon.
You visited 1 branch of the dungeon, and saw 1 of its levels.

You collected 4 gold pieces.

Inventory:

Hand Weapons
 a - a +2 dagger (weapon)
Missiles
 d - 8 poisoned darts (quivered)
 e - 2 curare-tipped darts
Armour
 b - a +0 robe (worn)
 c - a +0 cloak (worn)


   Skills:
 + Level 2.0 Fighting
 * Level 1.7 Short Blades
 + Level 1.7 Throwing
 + Level 0.8 Dodging
 * Level 3.8 Stealth


You couldn't memorise any spells.
You didn't know any spells.
Your spell library was empty.

Dungeon Overview and Level Annotations

Branches:
Dungeon (1/15)

Altars:


Message History

The bat hits you but does no damage. The bat barely misses you.
You hit the bat but do no damage.
The bat is severely wounded.
The bat barely misses you. The bat hits you.
You hit the bat.
You kill the bat!
You start resting.
You start resting.
HP restored.
Found a short sword.
A ball python comes into view.
A ball python is nearby!
A ball python is nearby!
A rat comes into view.
A hobgoblin and a dart slug come into view.
The ball python hisses angrily.
The dart slug launches a dart at you. The slug dart hits you.
You hit the rat.
You kill the rat!
The ball python misses you. The ball python completely misses you.
The dart slug launches a dart at you. The slug dart misses you.
Found a club.
You see here a rat corpse.
The hobgoblin shouts!
The dart slug launches a dart at you. The slug dart hits you.
The ball python closely misses you. The ball python grabs you.
The ball python constricts you.
You completely miss the ball python. The ball python bites you.
The ball python constricts you.
You barely miss the ball python. The dart slug launches a dart at you.
The slug dart hits you.
* * * LOW HITPOINT WARNING * * *
The ball python barely misses you.
* * * LOW HITPOINT WARNING * * *
The ball python constricts you.
You escape the ball python's grasp.
The ball python bites you.
You die...

.....................#.#
...)...............#.#.#
...................#.#.#
...................#.#..
......................#.#
..................##..#.#
......g............#.....
..............)....)รท###.
.....#.S@....).....#...#.
##......)..........###.##
..######..........# #...
#!.........# ##..
##.........#.....
#..........#.#####.
####....######...##
###.####........
#.........<...


You could see a hobgoblin and a ball python.

Vanquished Creatures
  A goblin (D:1)
  A bat (D:1)
  2 rats (D:1)
4 creatures vanquished.

Notes
Turn   | Place    | Note
-------+----------+-------------------------------------------
     0 | D:1      | Snicker the Demonspawn Brigand began the quest for the Orb.
     0 | D:1      | Reached XP level 1. HP: 16/16 MP: 1/1
   276 | D:1      | Slain by a ball python

Illustrated notes

Levels and vault maps discovered:
D:1:      dpeg_arrival_rhombus, layout_rooms, serial_shops,
          nicolae_shop_waterfront, minmay_crystal_room

Action                   || total
-------------------------++-------
Melee: Dagger            ||    17
Armor: Robe              ||     8
Dodge: Dodged            ||    15

Table legend: (Time is in decaauts)
 A = Elapsed time spent in this place.
 B = Non-inter-level travel time spent in this place.
 C = Inter-level travel time spent in this place.
 D = Time resting spent in this place.
 E = Time spent auto-exploring this place.
 F = Levels seen in this place.
 G = Mean time per level.
                   A        B        C        D        E       F      G
               +--------+--------+--------+--------+--------+-----+--------+
         Total |    274 |    274 |      0 |    204 |     31 |   1 |  274.0 |
       Dungeon |    274 |    274 |      0 |    204 |     31 |   1 |  274.0 |
               +--------+--------+--------+--------+--------+-----+--------+

Top non-repeatable levels by time:
     D:1: 274 daAuts
